 Dungeon Crawl Stone Soup version 0.30-a0-719-gcc4359ea44 (webtiles) character file.

Game seed: 12273335062594945659

194 M4edhros the Insei (level 5, 0/35 HPs)
             Began as an Octopode Transmuter on Jan 26, 2023.
             Succumbed to a scorpion's poison
             ... on level 4 of the Dungeon.
             The game lasted 00:02:00 (871 turns).

M4edhros the Insei (Octopode Transmuter)             Turns: 871, Time: 00:02:01

Health: 0/35       AC:  1    Str: 10    XL:     5   Next: 73%
Magic:  8/8        EV: 19    Int: 15    God:
Gold:   8          SH:  0    Dex: 14    Spells: 7/8 levels left

rFire   . . .      SeeInvis .      - Unarmed
rCold   . . .      Faith    .    (no shield)
rNeg    . . .      Spirit   .    (helmet restricted)
rPois   .          Reflect  .    (no amulet)
rElec   .          Harm     .    b - +5 ring of evasion
rCorr   .          Rampage  .    (no ring)
Will    .....                    (no ring)
Stlth   ++                       (no ring)
HPRegen 0.25/turn                (no ring)
MPRegen 0.11/turn                (no ring)
                                 (no ring)
                                 (no ring)

@: lethally poisoned (0 -> -8), hasted, very quick
A: almost no armour, amphibious, 8 rings, camouflage 1, gelatinous body 1,
(nimble swimmer 1), tentacles
a: no special abilities


You were on level 4 of the Dungeon.
You visited 1 branch of the dungeon, and saw 4 of its levels.

You collected 8 gold pieces.

Inventory:

Missiles
 e - 2 atropa-tipped darts (quivered)
Jewellery
 b - a +5 ring of evasion (left tentacle)
Scrolls
 a - a scroll of poison {unknown}
 c - a scroll of teleportation {unknown}
 d - a scroll of acquirement {unknown}
 f - a scroll of torment {unknown}
 h - a scroll of amnesia {unknown}


   Skills:
 + Level 2.7 Fighting
 + Level 3.3 Dodging
 * Level 4.9 Unarmed Combat
 - Level 2.0 Spellcasting
 - Level 2.0 Transmutations


You had 7 spell levels left.
You knew the following spells:

 Your Spells              Type           Power      Damage    Failure   Level
a - Beastly Appendage     Tmut           14%        N/A       10%         1

Your spell library contained the following spells:

 Spells                   Type           Power      Damage    Failure   Level
 Wereblood                Tmut           7%         N/A       14%         2
 Spider Form              Tmut/Pois      4%         N/A       41%         3
 Ignite Poison            Fire/Tmut/Pois 3%         N/A       45%         3
 Kindle Blastsparks       Fire/Tloc/Air  2%         2d10      54%         3
 Ice Form                 Ice/Tmut       4%         N/A       82%         4
 Freezing Cloud           Conj/Ice/Air   0%         6-21      99%         5


Dungeon Overview and Level Annotations

Branches:
Dungeon (4/15)
 Temple: D:4-7

Altars:

Shops:
D:1 :


Innate Abilities, Weirdness & Mutations

You cannot wear most types of armour.
You are amphibious.
You can wear up to eight rings at the same time.
Your skin changes colour to match your surroundings (Stealth+).
Your rubbery body absorbs attacks. (AC +1, EV +1)
((You are camouflaged when in or above water. (Stealth+)))
You have tentacles for arms and can constrict up to eight enemies at once.


Message History

You tentacle-slap the scorpion.
The scorpion is moderately wounded.
You constrict the scorpion.
You feel very sick. The scorpion stings you.
You are too injured to fight recklessly!
You are too injured to fight recklessly!
You are too injured to fight recklessly!
You are too injured to fight recklessly!
You are too injured to fight recklessly!
You tentacle-slap the scorpion.
The scorpion is heavily wounded.
You constrict the scorpion.
You feel very sick. The scorpion stings you.
You are lethally poisoned!
The scorpion poisons you!
It was a potion of haste.
You feel yourself speed up.
You constrict the scorpion.
* * * LOW HITPOINT WARNING * * *
You feel very sick. The scorpion misses you.
You tentacle-slap the scorpion.
You squeeze the scorpion, but do no damage.
The scorpion is almost dead.
You constrict the scorpion, but do no damage.
* * * LOW HITPOINT WARNING * * *
You feel sick. The scorpion completely misses you.
You tentacle-slap the scorpion but do no damage.
The scorpion is almost dead.
You constrict the scorpion.
You kill the scorpion!
* * * LOW HITPOINT WARNING * * *
You feel sick.
* * * LOW HITPOINT WARNING * * *
You feel sick.
You see here a scorpion corpse.
* * * LOW HITPOINT WARNING * * *
You feel sick.
You die...

....#....#..........#####..##
....#.##.##########>.......#
#.###.#...........######...#
#.# #.#..########.# #...# #.#
#.#..#.. #.# ##### #.#
#.#..#.# #.### #.# #.#..#.#
.).. #.# #.#..#.######.# ..#
#†#.......()@.# ###
#.#.##.#####..### # #.#. #.#
#..†.# # #.#. #.# #..#.# #
#.#. #.# #.##.# # #.#. ...
...# .# # #.## #.# ##### .#
#.# #.# .# #.# ..


There were no monsters in sight!

Vanquished Creatures
  A scorpion (D:4)
  An orc wizard (D:4)
  5 gnolls (D:4)
  4 adders
  4 orcs (D:4)
  3 ball pythons
  2 endoplasms
  A giant cockroach (D:4)
  A goblin (D:4)
  A hobgoblin (D:4)
  3 kobolds
  A quokka (D:1)
27 creatures vanquished.

Notes
Turn   | Place    | Note
-------+----------+-------------------------------------------
     0 | D:1      | M4edhros the Octopode Transmuter began the quest for the
                  | Orb.
     0 | D:1      | Reached XP level 1. HP: 13/13 MP: 3/3
    66 | D:1      | Found Qoqu Resm's Book Boutique.
   194 | D:2      | Reached XP level 2. HP: 3/18 MP: 5/5
   281 | D:2      | Reached XP level 3. HP: 19/23 MP: 6/6
   416 | D:4      | Reached skill level 4 in Unarmed Combat
   491 | D:4      | Reached XP level 4. HP: 27/29 MP: 7/7
   665 | D:4      | Reached XP level 5. HP: 7/35 MP: 8/8
   870 | D:4      | HP: 1/35 [poisoned by a scorpion]
   871 | D:4      | Succumbed to a scorpion's poison

Illustrated notes

Levels and vault maps discovered:
D:1:      dpeg_arrival_shrine, layout_basic, serial_forest,
          infiniplex_forest_end_2, infiniplex_forest_straight_3,
          infiniplex_forest_clump_small, infiniplex_forest_side_room,
          infiniplex_forest_clump_small, serial_shops, shop, nicolae_shop_trees,
          nicolae_square_shop, shop, wander_ebering_terrifying_dragon_lair
D:2:      layout_loops_corners, basic_altar
D:3:      layout_basic, elyvilon_altar_1, minmay_misc_feat_columns,
          mrwooster_statue_mirror
D:4:      layout_basic, hangedman_decor_riveting, minmay_cut_off

Skill      XL: |  1  2  3  4 |
---------------+-------------+-----
Unarmed Combat | 4 |  4.9
Fighting       | 2 |  2.7
Dodging        | 3 |  3.3
Spellcasting   | |  2.0
Transmutations | |  2.0

Action                     |  1- 3 |  4- 6 || total
---------------------------+-------+-------++-------
  Melee: Unarmed           |    33 |    42 ||    75
         Constrict         |    10 |     7 ||    17
         Tentacles         |     7 |    12 ||    19
         Punch             |     2 |       ||     2
  Throw: Dart              |       |     1 ||     1
    Use: Potion            |     3 |     4 ||     7
   Stab: Sleeping          |     3 |     1 ||     4
 Armour: Skin              |     1 |     8 ||     9
  Dodge: Dodged            |    20 |    37 ||    57

Table legend: (Time is in decaauts)
 A = Elapsed time spent in this place.
 B = Non-inter-level travel time spent in this place.
 C = Inter-level travel time spent in this place.
 D = Time resting spent in this place.
 E = Time spent auto-exploring this place.
 F = Levels seen in this place.
 G = Mean time per level.
                   A        B        C        D        E       F      G
               +--------+--------+--------+--------+--------+-----+--------+
         Total |    863 |    849 |     14 |     51 |    566 |   4 |  215.8 |
       Dungeon |    863 |    849 |     14 |     51 |    566 |   4 |  215.8 |
               +--------+--------+--------+--------+--------+-----+--------+

Top non-repeatable levels by time:
     D:4: 547 daAuts
     D:2: 147 daAuts
     D:1: 134 daAuts
     D:3: 33 daAuts
